 Dungeon Crawl Stone Soup version 0.25-a0-737-g26c3a87c45 (webtiles) character file.

Game seed: 1729579860958994843, levelgen mode: deterministic

1019 mortelune the Vexing (level 8, -1/60 HPs)
             Began as a Formicid Arcane Marksman on Apr 11, 2020.
             Was a Follower of Okawaru.
             Slain by Prince Ribbit (5 damage)
             ... on level 5 of the Dungeon.
             The game lasted 00:21:40 (6918 turns).

mortelune the Vexing (Formicid Arcane Marksman)     Turns: 6918, Time: 00:21:40

Health: -1/60      AC: 10    Str: 18    XL:     8   Next: 46%
Magic:  9/9        EV:  9    Int: 12    God:    Okawaru [*.....]
Gold:   39         SH:  4    Dex: 11    Spells: 2/9 levels left

rFire    + . .     SeeInvis +   b - +1 trident
rCold    . . .     Gourm    .   r - +0 buckler
rNeg     . . .     Faith    .   i - +1 scale mail {rF+}
rPois    +         Spirit   .   (helmet unavailable)
rElec    .         Reflect  .   m - +1 cloak {+Inv}
rCorr    +         Harm     .   c - +0 pair of gloves
MR       .....                  (no boots)
Stlth    ..........             (no amulet)
HPRegen  0.20/turn              g - ring of poison resistance
MPRegen  0.11/turn              e - ring of resist corrosion

@: drained
A: permanent stasis, dig shafts and tunnels, four strong arms, antennae 3
a: Dig, Shaft Self, Heroism, Renounce Religion, Evoke Invisibility


You were on level 5 of the Dungeon.
You worshipped Okawaru.
Okawaru was aware of your devotion.
You were not hungry.

You visited 2 branches of the dungeon, and saw 7 of its levels.

You collected 220 gold pieces.
You spent 181 gold pieces at shops.

Inventory:

Hand Weapons
 a - a +0 hand crossbow
 b - a +1 trident (weapon)
Missiles
 d - 28 bolts
Armour
 c - a +0 pair of gloves (worn)
 i - a +1 scale mail of fire resistance (worn)
 j - the +3 robe of Gonin {+Fly, unknown}
   (You found it on level 5 of the Dungeon)

   It lets you fly.
 m - a +1 cloak of invisibility (worn)
 p - a +0 chain mail
 r - a +0 buckler (worn)
 w - a +0 scale mail
Jewellery
 e - a ring of resist corrosion (right hand)
 g - a ring of poison resistance (left hand)
 t - an uncursed ring of protection from cold
Wands
 k - a wand of acid (16)
Scrolls
 l - a scroll of remove curse
 n - 2 scrolls of immolation
 q - a scroll of fog {unknown}
Potions
 h - a potion of flight
 o - a potion of curing {unknown}
Comestibles
 f - 10 rations


   Skills:
 + Level 4.1(3.4) Fighting
 * Level 4.1(3.3) Polearms
 - Level 4.9(4.1) Crossbows
 + Level 2.9(2.2) Armour
 - Level 2.2(1.5) Dodging
 - Level 2.4(1.7) Shields
 + Level 1.1(0.4) Spellcasting
 - Level 5.8(5.1) Hexes


You had 2 spell levels left.
You knew the following spells:

 Your Spells              Type           Power        Failure   Level  Hunger
a - Corona                Hex            ##.....      14%         1    ##.....
b - Slow                  Hex            ##......     22%         2    ###....
c - Cause Fear            Hex            ##........   82%         4    #####..

Your spell library contained the following spells:

 Spells                   Type           Power        Failure   Level  Hunger
 Inner Flame              Hex/Fire       #.......     77%         3    ####...
 Portal Projectile        Hex/Tloc       #.....       77%         3    ####...
 Leda's Liquefaction      Hex/Erth       #.........   99%         4    #####..


Dungeon Overview and Level Annotations

Branches:
Dungeon (6/15)             Temple (1/1) D:4

Altars:
Cheibriados
Dithmenos
Elyvilon
Fedhas
Gozag
Hepliaklqana
Kikubaaqudgha
Makhleb
Nemelex Xobeh
Okawaru
Qazlal
Ru
Sif Muna
Vehumet
Wu Jian
Yredelemnul
Zin
The Shining One

Shops:
D:5 [

Annotations:
D:3 2 transporters, zkyp's ghost, amateur HuSk
D:5 Prince Ribbit
D:6 Grinder


Innate Abilities, Weirdness & Mutations

You cannot be hasted, slowed, berserked, paralysed or teleported.
You can dig through walls and to a lower floor.
Your four strong arms can wield two-handed weapons with a shield.
You have a pair of large antennae on your head. (SInv)


Message History

You hit the jackal.
You kill the jackal!
Okawaru accepts your kill. Prince Ribbit hits you!
Casting: Corona (safe; 14% risk of failure)
Confirm with . or Enter, or press ? or * to list all spells.
Aiming: Corona (safe; 14% risk of failure)
Press: ? - help, Shift-Dir - straight line, f - Prince Ribbit
Aim: Prince Ribbit (chance to defeat MR: 31%)
Okay, then.
You miss Prince Ribbit. Prince Ribbit hits you!
* * * LOW HITPOINT WARNING * * *
You barely miss Prince Ribbit. Prince Ribbit hits you!
* * * LOW HITPOINT WARNING * * *
Prince Ribbit hits you.
* * * LOW HITPOINT WARNING * * *
You hit Prince Ribbit.
Prince Ribbit is lightly wounded.
Prince Ribbit hits you.
You die...

................##
.......#........#
.###............#
...........>[...###
........##).......#
.........#........#
...........)......#
.........#....########
.>.......##...hF@....#
.........#..######...#
....[......###.....###
..........####.#####
............##.#
...............#
............####
............#########
.............##.....##


You could see Prince Ribbit and a jackal.

Vanquished Creatures
  Edmund (D:5)
  An orc warrior (D:6)
  A phantom (D:5)
  An ogre (D:6)
  2 scorpions
  A crimson imp (D:5)
  A bullfrog zombie (D:5)
  3 orc wizards (D:4)
  7 worker ants
  A hound skeleton (D:4)
  3 gnolls (D:3)
  10 adders
  A shadow imp (D:5)
  An adder skeleton (D:5)
  3 worms
  2 dart slugs
  A leopard gecko (D:2)
  10 orcs
  2 giant cockroaches (D:1)
  3 goblins
  4 hobgoblins
  6 jackals
  4 kobolds
  2 quokkas
  13 bats
  6 frilled lizards
  9 rats
99 creatures vanquished.

Notes
Turn   | Place    | Note
-------+----------+-------------------------------------------
     0 | D:1      | mortelune the Formicid Arcane Marksman began the quest for
                  | the Orb.
     0 | D:1      | Reached XP level 1. HP: 15/15 MP: 2/2
   229 | D:1      | Reached XP level 2. HP: 21/21 MP: 3/3
   257 | D:1      | Learned a level 2 spell: Slow
   934 | D:2      | Noticed a phantom
   975 | D:2      | Reached XP level 3. HP: 20/26 MP: 4/4
  1062 | D:2      | Reached skill level 4 in Hexes
  1405 | D:2      | Reached XP level 4. HP: 33/33 MP: 5/5
  2296 | D:3      | Found a transporter.
  2531 | D:3      | Noticed zkyp's ghost (amateur HuSk)
  2559 | D:3      | Reached skill level 1 in Shields
  2637 | D:3      | Found a transporter.
  2810 | D:3      | Found a faded altar of an unknown god.
  3005 | D:3      | Reached XP level 5. HP: 38/38 MP: 3/6
  3551 | D:4      | Reached XP level 6. HP: 31/46 MP: 7/7
  4561 | D:3      | Reached skill level 1 in Polearms
  4798 | D:4      | Found a staircase to the Ecumenical Temple.
  4809 | Temple   | Entered the Ecumenical Temple
  4897 | Temple   | Became a worshipper of Warmaster Okawaru
  4951 | D:4      | Reached skill level 1 in Armour
  4961 | D:4      | Reached XP level 7. HP: 48/52 MP: 6/8
  4979 | D:4      | Reached skill level 5 in Hexes
  5321 | D:5      | Entered Level 5 of the Dungeon
  5372 | D:5      | Noticed Edmund
  5506 | D:5      | Found a burning altar of Makhleb.
  5507 | D:5      | Found a radiant altar of Vehumet.
  5584 | D:5      | Reached * piety under Okawaru
  5725 | D:5      | Killed Edmund
  6038 | D:5      | Got a slimy robe
  6048 | D:5      | Found Paqosup's Armour Boutique.
  6115 | D:5      | Bought a +1 cloak of invisibility for 181 gold pieces
  6275 | D:5      | Reached XP level 8. HP: 44/60 MP: 9/9
  6606 | D:6      | Found a basalt altar of Yredelemnul.
  6606 | D:6      | Found a glowing silver altar of Zin.
  6809 | D:6      | Noticed Grinder
  6890 | D:5      | Learned a level 4 spell: Cause Fear
  6892 | D:6      | Noticed Prince Ribbit
  6916 | D:5      | HP: 3/60 [Prince Ribbit (3)]
  6918 | D:5      | Slain by Prince Ribbit

Levels and vault maps discovered:
D:1:      dpeg_arrival_central, layout_basic, chequers_serial_rivers_small_b
D:2:      layout_basic
D:3:      layout_basic, gammafunk_ghost_stat_death,
          chequers_ecumenical_altar_simple
D:4:      layout_loops_corners, minmay_temple_entry_glassed_door, first_ration
D:5:      layout_rooms, grunt_temple_overflow_lords_of_destruction,
          serial_shops, shop, uniq_edmund
D:6:      layout_gridville, chequers_temple_overflow_statue_of_worship,
          serial_shops, shop, uniq_duvessa, uniq_prince_ribbit1, uniq_grinder
Temple:   nicolae_temple_great_sept

Skill      XL: |  1  2  3  4  5  6  7  8 |
---------------+-------------------------+-----
Dodging        | 2 |  2.2
Hexes          | 4 5 |  5.8
Fighting       | 2 3 4 |  4.1
Crossbows      | 3 4 |  4.9
Shields        | 1 2 |  2.4
Polearms       | 1 3 4 |  4.1
Armour         | 1 2 |  2.9
Spellcasting   | |  1.1

Action                   |  1- 3 |  4- 6 |  7- 9 || total
-------------------------+-------+-------+-------++-------
Melee: Spear             |    75 |   115 |       ||   190
       Trident           |       |    79 |   106 ||   185
 Fire: Hand crossbow     |    26 |    57 |    57 ||   140
 Cast: Corona            |     4 |     6 |     4 ||    14
       Slow              |       |     1 |       ||     1
  Use: Potion            |       |     6 |     1 ||     7
       Scroll            |       |     5 |     1 ||     6
  Eat: Chunk             |     2 |     8 |     7 ||    17
       Ration            |       |     1 |       ||     1
Armor: Robe              |    23 |       |       ||    23
       Chain mail        |    13 |    53 |       ||    66
       Scale mail        |       |    53 |    55 ||   108
Dodge: Dodged            |    74 |    89 |    70 ||   233
Block: Buckler           |     1 |    32 |    19 ||    52

Table legend:
 A = Non-vault XP
 B = Vault XP
 C = Vault XP percentage of total XP
 D = Non-vault monster count
 E = Vault monster count
 F = Vault count percentage of total count
                 A         B        C        D         E       F
            +---------+---------+-------+---------+---------+-------
      Total |    1233 |     223 |  15.3 |      97 |       2 |   2.0
            +---------+---------+-------+---------+---------+-------
        D:1 |      28 |       0 |   0.0 |      17 |       0 |   0.0
        D:2 |      55 |       0 |   0.0 |      17 |       0 |   0.0
        D:3 |     152 |       0 |   0.0 |      25 |       0 |   0.0
        D:4 |     405 |       0 |   0.0 |      19 |       0 |   0.0
        D:5 |     331 |     223 |  40.3 |      15 |       2 |  11.8
        D:6 |     262 |       0 |   0.0 |       4 |       0 |   0.0
            +---------+---------+-------+---------+---------+-------
